 Dungeon Crawl Stone Soup version 0.29.1-1-gd02db6906a (webtiles) character file.

Game seed: 11349033955693142320

1734 Doomgape the Transmogrifier (level 9, -9/59 HPs)
             Began as a Merfolk Transmuter on Sept 16, 2022.
             Was an Initiate of Gozag.
             Killed from afar by Maggie (25 damage)
             ... with a bolt of fire
             ... on level 6 of the Dungeon.
             The game lasted 00:21:57 (8572 turns).

Doomgape the Transmogrifier (Merfolk Transmuter)    Turns: 8572, Time: 00:21:58

Health: -9/59      AC:  3    Str: 13      XL:     9   Next: 5%
Magic:  9/12       EV: 16    Int: 17 (18) God:    Gozag
Gold:   301        SH:  0    Dex: 18      Spells: 7/14 levels left

rFire   . . .      SeeInvis .   j - +3 spear (freeze)
rCold   . . .      Faith    .   (no shield)
rNeg    . . .      Spirit   .   a - +0 robe
rPois   .          Reflect  .   (no helmet)
rElec   .          Harm     .   n - +0 cloak
rCorr   .          Rampage  .   (no gloves)
Will    +....                   (no boots)
Stlth   +++.......              (no amulet)
HPRegen 0.19/turn               f - ring of wizardry
MPRegen 0.13/turn               v - +6 ring of intelligence

@: no status effects
A: (nimble swimmer 2), mertail, agile 1, low MP 1, strong-willed 1
a: Renounce Religion, Potion Petition, Call Merchant, Bribe Branch


You were on level 6 of the Dungeon.
You worshipped Gozag.
Gozag was aware of your devotion.
You visited 2 branches of the dungeon, and saw 7 of its levels.

You collected 424 gold pieces.
You paid 123 gold pieces to Gozag.

Inventory:

Hand Weapons
 j - a +3 spear of freezing (weapon)
Armour
 a - a +0 robe (worn)
 n - a +0 cloak (worn)
Jewellery
 f - a ring of wizardry (left hand)
 h - a ring of ice
 t - a ring of positive energy
 v - a +6 ring of intelligence (right hand)
Wands
 k - a wand of polymorph (8)
Scrolls
 c - 3 scrolls of teleportation
 d - 2 scrolls of identify
 i - 2 scrolls of enchant weapon
 m - a scroll of poison
Potions
 b - a potion of magic
 e - 2 potions of brilliance
 g - a potion of attraction
 l - a potion of might
 o - a potion of cancellation
 p - a potion of curing
 q - a potion of heal wounds


   Skills:
 - Level 1.1 Fighting
 - Level 7.0 Dodging
 - Level 4.6 Stealth
 + Level 6.0 Unarmed Combat
 + Level 3.2 Spellcasting
 - Level 10.0 Transmutations


You had 7 spell levels left.
You knew the following spells:

 Your Spells              Type           Power      Damage    Failure   Level
a - Beastly Appendage     Tmut           72%        N/A       1%          1
b - Passwall              Tmut/Erth      15%        N/A       1%          2
c - Ice Form              Ice/Tmut       19%        N/A       9%          4

Your spell library contained the following spells:

 Spells                   Type           Power      Damage    Failure   Level
 Wereblood                Tmut           36%        N/A       1%          2
 Spider Form              Tmut/Pois      19%        N/A       2%          3
 Blade Hands              Tmut           18%        N/A       3%          5
 Ensorcelled Hibernation  Hex/Ice        4%         N/A       11%         2
 Gell's Gravitas          Tloc           2%         N/A       21%         3
 Lesser Beckoning         Tloc           2%         N/A       21%         3
 Swiftness                Air            2%         N/A       21%         3
 Teleport Other           Tloc           2%         N/A       21%         3
 Irradiate                Conj/Tmut      9%         3d14      24%         5
 Dragon Form              Tmut           18%        N/A       65%         7


Dungeon Overview and Level Annotations

Branches:
Dungeon (6/15)             Temple (1/1) D:6

Altars:
Ashenzari
Cheibriados
Dithmenos
Elyvilon
Fedhas
Gozag
Hepliaklqana
Kikubaaqudgha
Makhleb
Nemelex Xobeh
Okawaru
Qazlal
Ru
Sif Muna
Trog
Uskayaw
Vehumet
Wu Jian
Xom
Yredelemnul
Zin

Annotations:
D:6 Maggie


Innate Abilities, Weirdness & Mutations

((You are very nimble when in or above water. (Stealth+, EV+, Speed+++)))
Your lower body shifts to a powerful aquatic tail in water.
You are agile. (Dex +4, Str/Int -1)
Your magical capacity is low. (-10% MP)
You are strong-willed. (Will+)


Message History

Confirm with . or Enter, or press ? or * to list all spells.
Okay, then.
Casting: Ice Form (dangerous; 9% risk of failure)
Confirm with . or Enter, or press ? or * to list all spells.
You turn into a creature of crystalline ice.
Your +3 spear of freezing melds into your body.
Your +0 cloak melds into your body.
Your +0 robe melds into your body.
Your +3 spear of freezing stops glowing.
Maggie the Vainglorious comes into view.
She is wielding a +0 scimitar and carrying a wand of quicksilver (11).
Maggie mumbles some strange words.
Maggie attempts to bespell you! You resist with almost no effort.
A white imp comes into view.
Found a war axe.
The white imp shouts, "Decamp, thou ducking toenail-biting flax-wench!"
Maggie zaps a wand.
The bolt of dispelling energy misses you.
Maggie casts a spell.
Maggie attempts to bespell you!
You easily resist.
Maggie hits you with a +0 scimitar.
The ogre shouts!
You punch Maggie! You freeze Maggie.
Maggie is lightly wounded.
Maggie hits you with a +0 scimitar!
You hit Maggie. You freeze Maggie.
Maggie is moderately wounded.
Maggie zaps a wand.
The bolt of dispelling energy hits you!!
Your magical effects are unravelling.
The ogre hits you with a +0 giant club!!
* * * LOW HITPOINT WARNING * * *
You punch Maggie! You freeze Maggie.
Maggie is heavily wounded.
You warm up again.
Your +3 spear of freezing unmelds from your body.
Your +0 cloak unmelds from your body.
Your +0 robe unmelds from your body.
Your +3 spear of freezing glows with a cold blue light!
Maggie gestures at you while chanting. The bolt of fire hits you!!
You die...
Your body crumbles into a pile of gold.

..................
......
#.......#####.....
...... #.......# #.....
.)....##.^.....# #.....
.......######### #.....
....... ######.....
#..... #######..........
#.....##.........#......
#....5@@.........#......
#.....O..........#######
####.....#####......#
####### #######.#
#.......# #..<....#
#.......# #######.# ##
#.###.


You could see Maggie, an ogre and a white imp.

Vanquished Creatures
  Sigmund (D:6)
  Edmund (D:6)
  2 sky beasts (D:6)
  An ogre (D:5)
  A phantom (D:5)
  A necrophage (D:5)
  2 bullfrogs
  2 scorpions
  A wight (D:4)
  2 howler monkeys
  4 hounds
  3 jellies (D:5)
  An orc priest (D:6)
  Terence (D:3)
  3 iguanas
  Natasha (thrice) (D:4)
  9 gnolls
  8 adders
  A white imp (D:5)
  3 ufetubi
  A dart slug (D:1)
  9 orcs
  5 endoplasms
  A giant cockroach (D:4)
  11 goblins
  7 hobgoblins
  4 jackals
  2 quokkas
  10 ball pythons
  9 bats
  4 frilled lizards
  5 kobolds
  7 rats
125 creatures vanquished.

Notes
Turn   | Place    | Note
-------+----------+-------------------------------------------
     0 | D:1      | Doomgape the Merfolk Transmuter began the quest for the
                  | Orb.
     0 | D:1      | Reached XP level 1. HP: 15/15 MP: 3/3
    92 | D:1      | Reached skill level 3 in Transmutations
   303 | D:1      | Reached XP level 2. HP: 19/21 MP: 3/5
   856 | D:1      | Found a faded altar of an unknown god.
   927 | D:1      | Reached XP level 3. HP: 23/26 MP: 4/6
  1399 | D:2      | Reached skill level 4 in Transmutations
  1484 | D:2      | Gained mutation: Your magical capacity is low. (-10% MP)
                  | [potion of mutation]
  1484 | D:2      | Gained mutation: You are agile. (Dex +4, Str/Int -1)
                  | [potion of mutation]
  1484 | D:2      | Gained mutation: You are strong-willed. (Will+) [potion of
                  | mutation]
  1933 | D:2      | Reached XP level 4. HP: 22/32 MP: 6/6
  3269 | D:3      | Found a basalt altar of Yredelemnul.
  3274 | D:3      | Found a shimmering altar of Xom.
  3276 | D:3      | Noticed Terence
  3303 | D:3      | Killed Terence
  3304 | D:3      | Reached skill level 5 in Transmutations
  3304 | D:3      | Reached XP level 5. HP: 37/37 MP: 7/7
  3368 | D:3      | Learned a level 2 spell: Passwall
  3373 | D:3      | Learned a level 4 spell: Ice Form
  3412 | D:3      | Found a shimmering blue altar of Sif Muna.
  3442 | D:3      | Reached skill level 5 in Unarmed Combat
  4334 | D:4      | Found an iron altar of Okawaru.
  4335 | D:4      | Found a bloodstained altar of Trog.
  4343 | D:4      | Reached XP level 6. HP: 37/43 MP: 3/8
  4668 | D:4      | Reached skill level 6 in Transmutations
  4904 | D:4      | Noticed Natasha
  4919 | D:4      | Killed Natasha
  4980 | D:4      | Noticed Natasha
  4992 | D:4      | Killed Natasha
  5274 | D:4      | Noticed Natasha
  5281 | D:4      | Reached skill level 5 in Dodging
  5285 | D:4      | Killed Natasha
  5286 | D:4      | Reached skill level 7 in Transmutations
  5286 | D:4      | Reached XP level 7. HP: 45/48 MP: 5/9
  5818 | D:5      | Entered Level 5 of the Dungeon
  6018 | D:5      | Reached skill level 8 in Transmutations
  6246 | D:5      | Reached XP level 8. HP: 53/54 MP: 8/9
  6316 | D:5      | Found an opulent altar of Gozag.
  6319 | D:5      | Found a blossoming altar of Fedhas.
  6401 | D:5      | Found a radiant altar of Vehumet.
  6401 | D:5      | Found a burning altar of Makhleb.
  6402 | D:5      | Found a white marble altar of Elyvilon.
  6498 | D:5      | Reached skill level 1 in Stealth
  6960 | D:5      | Reached skill level 9 in Transmutations
  7314 | D:6      | Noticed Edmund
  7331 | D:6      | HP: 2/54 [Edmund/+1 flail of protection (8)]
  7621 | D:6      | Killed Edmund
  7844 | D:6      | Found a staircase to the Ecumenical Temple.
  7888 | D:6      | Reached skill level 10 in Transmutations
  7896 | Temple   | Entered the Ecumenical Temple
  8099 | D:5      | Became a worshipper of Gozag Ym Sagoz the Greedy
  8381 | D:6      | Noticed Sigmund
  8388 | D:6      | Killed Sigmund
  8389 | D:6      | Reached XP level 9. HP: 59/59 MP: 6/12
  8562 | D:6      | Noticed Maggie
  8572 | D:6      | Killed from afar by Maggie

Illustrated notes

Levels and vault maps discovered:
D:1:      matt_arrival_grand_opening, layout_basic,
          shapermc_ecumenical_altar_mp_highgroup, kennysheep_crisscross,
          minmay_tree_intersection, minmay_close_crescents
D:2:      minmay_diamond_boxcup, layout_basic
D:3:      layout_basic, grunt_temple_overflow_open, guppyfry_early_orc_mine,
          uniq_terence
D:4:      layout_loops_corners, grunt_temple_overflow_bloody_war, minmay_cupped,
          uniq_natasha
D:5:      layout_cave_pods, nicolae_overflow_hidden_temple
D:6:      layout_basic, minmay_temple_entry_grid, uniq_sigmund, uniq_maggie,
          uniq_edmund
Temple:   chequers_temple_sunken

Skill      XL: |  1  2  3  4  5  6  7  8 |
---------------+-------------------------+-----
Transmutations | 3 4 5 7 8 10 | 10.0
Unarmed Combat | 4 5 6 |  6.0
Dodging        | 3 5 7 |  7.0
Stealth        | 4 |  4.6
Spellcasting   | 3 |  3.2
Fighting       | |  1.1

Action                   |  1- 3 |  4- 6 |  7- 9 || total
-------------------------+-------+-------+-------++-------
Melee: Unarmed           |    79 |   209 |    30 ||   318
       Headbutt          |     8 |    32 |    17 ||    57
       Punch             |       |     7 |     2 ||     9
       Spear             |       |       |   130 ||   130
 Cast: Beastly Appendage |    17 |    32 |    20 ||    69
       Ice Form          |       |     3 |     4 ||     7
  Use: Potion            |     2 |     1 |     4 ||     7
       Scroll            |     2 |     8 |     8 ||    18
 Stab: Sleeping          |     1 |     1 |     3 ||     5
Armor: Robe              |    18 |    51 |    12 ||    81
       Skin              |       |     8 |     1 ||     9
Dodge: Dodged            |    61 |   144 |   100 ||   305
